 Dungeon Crawl Stone Soup version 0.31-a0-430-gf8416d752b (webtiles) character file.

Game seed: 7805150517650926255

907 AdnanSaban the Cudgeller (level 8, -10/48 HPs)
             Began as a Gargoyle Fighter on July 30, 2023.
             Mangled by a wight
             ... wielding a +2 great sword of distortion
              (19 damage)
             ... on level 5 of the Dungeon.
             The game lasted 00:04:38 (3870 turns).

AdnanSaban the Cudgeller (Gargoyle Fighter)         Turns: 3870, Time: 00:04:39

Health: -10/48     AC: 16    Str: 22    XL:     8   Next: 8%
Magic:  8/8        EV: 13    Int:  9    God:
Gold:   318        SH:  4    Dex:  9    Spells: 7/7 levels left

rFire   . . .        a - +0 flail
rCold   . . .        c - +0 buckler
rNeg    + + .        C - +0 chain mail
rPois   ∞            (no helmet)
rElec   +            (no cloak)
rCorr   .            (no gloves)
SInv    .            n - +0 pair of boots
Will    .....        (no amulet) Stlth
                     s - +5 ring of evasion
HPRegen 0.28/turn    v - ring of positive energy
MPRegen 0.11/turn

%: no passive effects
@: no status effects
A: sickness immunity, AC +5, negative energy resistance 1, electricity
resistance, torment resistance 1, petrification resistance
a: no special abilities


You were on level 5 of the Dungeon.
You visited 1 branch of the dungeon, and saw 6 of its levels.

You collected 318 gold pieces.

Inventory:

Hand Weapons
 a - a +0 flail (weapon)
Missiles
 f - 2 throwing nets
 k - 65 stones (quivered)
 o - 3 javelins
Armour
 c - a +0 buckler (worn)
 n - a +0 pair of boots (worn)
 C - a +0 chain mail (worn)
Jewellery
 s - a +5 ring of evasion (left hand)
 v - a ring of positive energy (right hand)
 x - a ring of willpower
Wands
 b - a wand of light (6)
Scrolls
 e - 11 scrolls of identify {unknown}
 h - 4 scrolls of vulnerability {unknown}
 j - 2 scrolls of noise {unknown}
 l - 5 scrolls of teleportation {unknown}
 m - a scroll of butterflies {unknown}
 p - a scroll of poison {unknown}
 w - a scroll of revelation {unknown}
 y - a scroll of amnesia {unknown}
 A - a scroll of torment {unknown}
Potions
 d - 3 potions of might
 g - 2 potions of berserk rage {unknown}
 i - 2 potions of resistance {unknown}
 q - 3 potions of brilliance {unknown}
 r - a potion of mutation {unknown}
 t - a potion of lignification {unknown}
 u - a potion of magic {unknown}
 z - a potion of degeneration {unknown}
 B - a potion of heal wounds {unknown}


   Skills:
 + Level 4.6 Fighting
 + Level 6.8 Maces & Flails
 + Level 5.2 Armour
 + Level 1.7 Dodging
 + Level 0.4 Stealth
 + Level 4.3 Shields


You had 7 spell levels left.
You didn't know any spells.
Your spell library contained the following spells:

 Spells                   Type           Power      Damage    Failure   Level
 Apportation              Tloc           0%         N/A       96%         1
 Sting                    Tmut/Pois      0%         1d3       96%         1
 Poisonous Vapours        Pois/Air       0%         N/A       99%         2
 Stone Arrow              Conj/Erth      0%         3d7       100%        3
 Animate Armour           Summ/Erth      0%         N/A       100%        4
 Olgreb's Toxic Radiance  Pois           0%         N/A       100%        4
 Alistair's Intoxication  Tmut/Pois      0%         N/A       100%        5
 Lehudib's Crystal Spear  Conj/Erth      0%         10d2      100%        8


Dungeon Overview and Level Annotations

Branches:
Dungeon (6/15)             Temple (0/1) D:6

Altars:
Ashenzari
Elyvilon
Fedhas
Gozag
Hepliaklqana
Kikubaaqudgha
Makhleb
Wu Jian
Xom
Yredelemnul
Zin
The Shining One


Innate Abilities, Weirdness & Mutations

You are immune to sickness and miasma.
Your stone body is resilient. (AC +5)
You are immune to poison.
You resist negative energy. (rN+)
You are resistant to electric shocks. (rElec)
You are resistant to unholy torment.
You are immune to petrification.


Message History

No target in view!
No target in view!
No target in view!
No target in view!
No target in view!
You now have 318 gold pieces (gained 1).
A wight comes into view.
It is wielding a +2 great sword of distortion.
Found 2 scrolls labelled LULYOK JIUF.
A wight comes into view. It is wielding a +0 hand axe.
Found a quarterstaff.
Found a staircase to the Ecumenical Temple.
There is a stone staircase leading up here.
You throw a stone.
The stone hits the wight but does no damage.
You throw a stone. The stone closely misses the wight.
The wight misses you.
You climb upwards.
There is a stone staircase leading down here.
The wight attacks as you move away!
The wight hits you with a +2 great sword of distortion!
Space warps horribly around you!!
Ouch! That really hurt!
* * * LOW HITPOINT WARNING * * *
The wight attacks as you move away! The wight barely misses you.
The wight barely misses you. The wight attacks as you move away!
The wight hits you but does no damage.
There is an open door here.
The wight attacks as you move away! You block the wight's attack.
There is an open door here.
The wight attacks as you move away! The wight closely misses you.
The wight attacks as you move away! The wight misses you.
There is an open door here.
The wight attacks as you move away! The wight closely misses you.
The wight attacks as you move away! You block the wight's attack.
The wight attacks as you move away! The wight closely misses you.
The wight attacks as you move away!
The wight hits you with a +2 great sword of distortion!
* * * LOW HITPOINT WARNING * * *
Space warps horribly around you!!
You die...

####### #.## ########.....# #...
#......#.....# #########.##
#......#.....# #.......#.##
#......#.....# ###.###.#.##
#......#.....# ####.# #.#.##
#......#.....# ##....# #.#.##
#####......#.....###.....###.#.##
....'......'...z@[)..._......>)..
#####......#.....###..8_.###...##
#......#.....# #.._..###...#
#......####### #......###.##
######### ##.###.###.### #...#
#.##......... #####
#.#.#########.##......... ....#
#..........##.##......).. #.###
####.#..##.##.##.........


You could see a wight.

Vanquished Creatures
  Menkaure (D:5)
  A water moccasin (D:6)
  An ogre (D:5)
  2 scorpions
  A bullfrog (D:5)
  A howler monkey (D:5)
  3 orc priests
  2 iguanas
  2 orc wizards
  3 gnolls
  11 adders
  A dart slug (D:1)
  12 orcs
  A ball python (D:2)
  3 bats (D:3)
  5 endoplasms
  3 giant cockroaches
  8 goblins
  4 hobgoblins
  6 kobolds
  2 quokkas
  2 frilled lizards (D:3)
  4 rats
79 creatures vanquished.

Notes
Turn   | Place    | Note
-------+----------+-------------------------------------------
     0 | D:1      | AdnanSaban the Gargoyle Fighter began the quest for the
                  | Orb.
     0 | D:1      | Reached XP level 1. HP: 14/14 MP: 1/1
   136 | D:1      | Found a faded altar of an unknown god.
   178 | D:1      | Reached XP level 2. HP: 19/19 MP: 2/2
   705 | D:2      | Reached XP level 3. HP: 23/23 MP: 3/3
  1404 | D:3      | Found an ancient bone altar of Kikubaaqudgha.
  1552 | D:3      | Reached XP level 4. HP: 21/29 MP: 4/4
  1770 | D:3      | Reached skill level 3 in Maces & Flails
  1842 | D:3      | Reached XP level 5. HP: 33/33 MP: 5/5
  1928 | D:3      | Reached skill level 1 in Dodging
  1959 | D:3      | Found a blossoming altar of Fedhas.
  2277 | D:3      | Reached skill level 4 in Maces & Flails
  2281 | D:3      | Reached XP level 6. HP: 29/38 MP: 6/6
  2397 | D:4      | Found a broken altar of Ashenzari.
  2533 | D:4      | Reached skill level 5 in Maces & Flails
  2624 | D:4      | Found a glowing golden altar of the Shining One.
  2624 | D:4      | Found a glowing silver altar of Zin.
  2695 | D:4      | Found a white marble altar of Elyvilon.
  2912 | D:4      | Found a shimmering altar of Xom.
  2938 | D:5      | Entered Level 5 of the Dungeon
  2958 | D:5      | Reached XP level 7. HP: 40/43 MP: 7/7
  3052 | D:5      | Found the +1 Delatra's gloves {ID++}
  3209 | D:5      | Found a basalt altar of Yredelemnul.
  3289 | D:5      | Noticed Menkaure
  3297 | D:5      | Killed Menkaure
  3306 | D:5      | Found an ornate altar of the Wu Jian Council.
  3306 | D:5      | Found a hazy altar of Hepliaklqana.
  3307 | D:5      | Found a burning altar of Makhleb.
  3336 | D:5      | Reached skill level 6 in Maces & Flails
  3336 | D:5      | Reached skill level 5 in Armour
  3687 | D:6      | Found an opulent altar of Gozag.
  3706 | D:6      | Reached XP level 8. HP: 36/48 MP: 8/8
  3840 | D:6      | Found a staircase to the Ecumenical Temple.
  3870 | D:5      | Mangled by a wight

Illustrated notes

Levels and vault maps discovered:
D:1:      ebering_trefoil_3fold, layout_loops_ring, basic_ecumenical_altar
D:2:      layout_basic
D:3:      layout_basic, mainiacjoe_overflow_cross_hatched,
          mainiacjoe_overflow_chevrons, st_stairs_13, nicolae_half_adder
D:4:      layout_cave_pools, good_gods_mini_temple, ashenzari_altar_1,
          marbit_many_paths
D:5:      layout_basic, yredelemnul_altar_generic,
          chequers_temple_overflow_statue_of_worship, uniq_menkaure
D:6:      layout_rooms, nicolae_uskayaw_dance_hall, trog_butcher_becter,
          grunt_gozag_breadcrumbs, old_standard_altar, lemuel_doored_altar,
          minmay_temple_entry_mini_moons, serial_rivers,
          chequers_serial_rivers_large_b, chequers_serial_rivers_micro_e,
          chequers_serial_rivers_micro_d, chequers_serial_rivers_micro_d,
          chequers_serial_rivers_small_3

Skill      XL: |  1  2  3  4  5  6  7 |
---------------+----------------------+-----
Armour         | 4 5 |  5.2
Maces & Flails | 3 4 5 6 |  6.8
Shields        | 4 |  4.3
Dodging        | 1 |  1.7
Fighting       | 4 |  4.6
Stealth        | |  0.4

Action                     |  1- 3 |  4- 6 |  7- 9 || total
---------------------------+-------+-------+-------++-------
  Melee: Flail             |    81 |   186 |    60 ||   327
  Throw: Stone             |       |       |     3 ||     3
 Armour: Scale mail        |    33 |   129 |     4 ||   166
         Chain mail        |       |       |     8 ||     8
  Dodge: Dodged            |    43 |   130 |    36 ||   209
  Block: Buckler           |    22 |    55 |    11 ||    88

Table legend: (Time is in decaauts)
 A = Elapsed time spent in this place.
 B = Non-inter-level travel time spent in this place.
 C = Inter-level travel time spent in this place.
 D = Time resting spent in this place.
 E = Time spent auto-exploring this place.
 F = Levels seen in this place.
 G = Mean time per level.
                   A        B        C        D        E       F      G
               +--------+--------+--------+--------+--------+-----+--------+
         Total |   3952 |   3831 |    121 |    156 |   2824 |   6 |  658.7 |
       Dungeon |   3952 |   3831 |    121 |    156 |   2824 |   6 |  658.7 |
               +--------+--------+--------+--------+--------+-----+--------+

Top non-repeatable levels by time:
     D:2: 940 daAuts
     D:3: 879 daAuts
     D:5: 736 daAuts
     D:4: 622 daAuts
     D:1: 568 daAuts
     D:6: 206 daAuts
